 Dungeon Crawl Stone Soup version 0.20-a0-517-g5f97612 (webtiles) character file.

27 Amnesiac the Magician (level 2, -1/19 HPs)
             Began as a Mummy Enchanter on Jan 24, 2017.
             Slain by a rat (2 damage)
             ... on level 3 of the Dungeon.
             The game lasted 00:01:34 (852 turns).

Amnesiac the Magician (Mummy Enchanter)              Turns: 852, Time: 00:01:34

Health: -1/19      AC:  2    Str: 11    XL:     2   Next: 93%
Magic:  6/6        EV: 12    Int: 14    God:
Gold:   40         SH:  0    Dex: 12    Spells: 5/8 levels left

rFire    x . .     SeeInvis .   a - +1 dagger
rCold    + . .     Gourm    .   b - +0 robe
rNeg     + + +     Faith    .   (no shield)
rPois    ∞         Spirit   .   (no helmet)
rElec    .         Reflect  .   (no cloak)
rCorr    .         Harm     .   (no gloves)
MR       .....                  (no boots)
Stlth    ++........             (no amulet)
Regen    0.1/turn               (no ring)
                                (no ring)

@: no status effects
A: no food or potions, fire vulnerability, cold resistance 1, negative energy
resistance 3, torment resistance, unbreathing
a: no special abilities


You were on level 3 of the Dungeon.
You were not hungry.

You visited 1 branch of the dungeon, and saw 3 of its levels.

You collected 40 gold pieces.

Inventory:

Hand Weapons
 a - a +1 dagger (weapon)
Armour
 b - a +0 robe (worn)
 f - a +0 hat
Scrolls
 d - 2 scrolls of identify {unknown}
 e - 3 scrolls of blinking {unknown}
Books
 c - a book of Maledictions

   Spells                             Type                      Level
   a - Corona                         Hexes                        1
   b - Ensorcelled Hibernation        Hexes/Ice                    2
   c - Confuse                        Hexes                        3
   d - Tukima's Dance                 Hexes                        3
   e - Dazzling Spray                 Conjuration/Hexes            3


   Skills:
 - Level 1.0 Short Blades
 - Level 1.5 Dodging
 - Level 2.4 Stealth
 - Level 3.5 Spellcasting
 + Level 3.1 Hexes


You had 5 spell levels left.
You knew the following spells:

 Your Spells              Type           Power        Failure   Level  Hunger
f - Corona                Hex            ##.....      6%          1    N/A
z - Ensorcelled Hibernat  Hex/Ice        #.....       21%         2    N/A

Dungeon Overview and Level Annotations

Branches:
Dungeon (3/15)

Altars:

Annotations:
D:3 exclusion: worm, Sigmund


Innate Abilities, Weirdness & Mutations

You do not eat or drink.
Your flesh is vulnerable to fire.
You are immune to poison.
Your flesh is cold resistant. (rC+)
You are immune to negative energy. (rN+++)
You are immune to unholy pain and torment.
You can survive without breathing.


Message History

The gnoll shouts! x2
A hobgoblin comes into view.
There are monsters nearby!
Sigmund the Dreaded comes into view.
He is wielding a scythe.
Sigmund points at you and mumbles some strange words.
The puff of flame hits you! The fire burns you terribly!
Ouch! That really hurt!
* * * LOW HITPOINT WARNING * * *
A rat comes into view.
The rat moves out of view.
Sigmund gestures at you while chanting.
You are confused.
You bump into the rock wall.
Found 13 gold pieces.
The rat bites you but does no damage. Sigmund barely misses you.
The rat bites you.
* * * LOW HITPOINT WARNING * * *
You feel less confused. The rat bites you.
You die...

#.###......#.....
.###.......##.......
..@.....##%#####....
####.##.##...w......
#.##g##.######...
#.......# #...
#######@......#### #...
##.....r.##.......# #...
.......@.......##.###...
.$....##.##.##..........
..... #.##.##..........
.... #.##.##..........
... ##.##.#####.###...
## ...........# #...
#.....###### #!..
#.....# ##.>. #.....#
#....


You could see Sigmund, a gnoll and a rat.

Vanquished Creatures
  An adder (D:2)
  2 leopard geckos (D:1)
  A giant cockroach (D:3)
  A goblin (D:2)
  5 hobgoblins
  A kobold (D:2)
  A quokka (D:2)
  A bat (D:2)
  A rat (D:2)
14 creatures vanquished.

Notes
Turn   | Place    | Note
-------+----------+-------------------------------------------
     0 | D:1      | Amnesiac the Mummy Enchanter began the quest for the Orb.
     0 | D:1      | Reached XP level 1. HP: 13/13 MP: 4/4
    36 | D:1      | Reached skill level 1 in Short Blades
   150 | D:2      | Reached XP level 2. HP: 19/19 MP: 5/5
   429 | D:2      | Learned a level 2 spell: Ensorcelled Hibernation
   841 | D:3      | Noticed Sigmund
   852 | D:3      | Slain by a rat

Vault maps used:
D:1:      mrwooster_arrival_statue, minmay_door_square
D:3:      uniq_sigmund

Skill      XL: |  1  2 |
---------------+-------+-----
Short Blades   | 1 |  1.0
Hexes          | 3 |  3.1
Spellcasting   | 3 |  3.5
Dodging        | |  1.5
Stealth        | |  2.4

Action                   || total
-------------------------++-------
Melee: Dagger            ||    49
 Cast: Corona            ||     8
       Ensorcelled Hiber ||     5
 Stab: Sleeping          ||     6
Armor: Robe              ||    13
Dodge: Dodged            ||    37
